 Dungeon Crawl Stone Soup version 0.23.2-1-ga50397a (webtiles) character file.

Game seed: 18254773176377967732

145 diana the Twirler (level 5, -3/41 HPs)
             Began as a Demonspawn Gladiator on May 22, 2019.
             Slain by an ogre
             ... wielding a +0 giant club
              (24 damage)
             ... on level 4 of the Dungeon.
             The game lasted 00:02:10 (1932 turns).

diana the Twirler (Demonspawn Gladiator)            Turns: 1932, Time: 00:02:12

Health: -3/41      AC: 10    Str: 15    XL:     5   Next: 6%
Magic:  5/5        EV: 12    Int:  9    God:
Gold:   99         SH:  0    Dex: 15    Spells: 4/4 levels left

rFire    + + .     SeeInvis .   a - +0 quarterstaff
rCold    x . .     Gourm    .   (shield currently unavailable)
rNeg     . . .     Faith    .   m - +0 fire dragon scales
rPois    .         Spirit   .   c - +0 helmet
rElec    .         Reflect  .   (no cloak)
rCorr    .         Harm     .   p - +0 pair of gloves
MR       .....                  (no boots)
Stlth    ..........             (no amulet)
HPRegen  0.13/turn              (no ring)
MPRegen  0.09/turn              (no ring)

@: no status effects
A: talons 1, repulsion field 1, demonic guardian 1
a: no special abilities


You were on level 4 of the Dungeon.
You were not hungry.

You visited 1 branch of the dungeon, and saw 4 of its levels.

You collected 99 gold pieces.

Inventory:

Hand Weapons
 a - a +0 quarterstaff (weapon)
Missiles
 d - 3 throwing nets (quivered)
Armour
 b - a +0 leather armour
 c - a +0 helmet (worn)
 m - +0 fire dragon scales (worn)
 p - a +0 pair of gloves (worn)
Jewellery
 s - an uncursed ring of resist corrosion {unknown}
Wands
 n - a wand of disintegration (14)
Scrolls
 e - 2 scrolls of identify {unknown}
 g - a scroll of remove curse {unknown}
 k - a scroll of magic mapping {unknown}
 q - 2 scrolls of amnesia {unknown}
 r - 2 scrolls of teleportation {unknown}
 t - a scroll of immolation {unknown}
 u - a scroll of fear {unknown}
Potions
 h - a potion of invisibility {unknown}
 i - a potion of flight {unknown}
 j - a potion of curing {unknown}
 l - 2 potions of lignification {unknown}
 o - a potion of degeneration {unknown}
Comestibles
 f - 4 rations


   Skills:
 + Level 3.0 Fighting
 + Level 3.5 Staves
 - Level 1.7 Throwing
 + Level 2.0 Armour
 + Level 3.5 Dodging


You had 4 spell levels left.
You didn't know any spells.
Your spell library was empty.

Dungeon Overview and Level Annotations

Branches:
Dungeon (4/15)
 Temple: D:4-7

Altars:
Ashenzari
Ru
Uskayaw
Xom
The Shining One


Innate Abilities, Weirdness & Mutations

You have sharp toenails.
You are surrounded by a mild repulsion field. (EV +2)
A weak demonic guardian rushes to your aid.


Message History

Key pressed, stopping explore.
No target in view!
An ogre comes into view. It is wielding a +0 giant club.
The ogre shouts!
You swap places.
Your fire dragon scales prevents you from hitting the ogre.
Your kick misses the ogre. The ogre barely misses you.
You hit the ogre but do no damage. You claw the ogre.
The ogre is lightly wounded.
You sock the ogre! Your kick misses the ogre.
The ogre is heavily wounded.
The ogre completely misses you.
You hit the ogre but do no damage.
The ogre is heavily wounded.
The ogre hits you with a +0 giant club!!
You hit the ogre.
The ogre is severely wounded.
The ogre hits you with a +0 giant club!!
Ouch! That really hurt!
You die...

......)...'.........
#......#.........
#...##.##....#..
#.#.##.###...#
#...##.# ##..#
#..###.# ##'#
##......# #.#
#5.....## #.#
#@#.##.# ##.#
#O#.##.# ##..# #.#.#
.####...# #.#..
........# #.###
.######.# #.# #...#
#.. #.#.# ### #.#.#
#.#.###.


You could see an ogre and a friendly ufetubus.

Vanquished Creatures
  An orc priest (D:3)
  3 gnolls
  An adder (D:2)
  5 worms
  2 dart slugs
  7 orcs (D:3)
  7 bats
  A giant cockroach (D:2)
  2 goblins (D:3)
  6 hobgoblins (D:1)
  2 jackals (D:3)
  3 kobolds
  A ball python (D:2)
  4 frilled lizards
  3 rats
48 creatures vanquished.

Vanquished Creatures (collateral kills)
  A gnoll (D:3)
1 creature vanquished.

Grand Total: 49 creatures vanquished

Notes
Turn   | Place    | Note
-------+----------+-------------------------------------------
     0 | D:1      | diana the Demonspawn Gladiator began the quest for the Orb.
     0 | D:1      | Reached XP level 1. HP: 16/16 MP: 1/1
    98 | D:1      | Gained mutation: A weak demonic guardian rushes to your
                  | aid. [demonic ancestry]
    98 | D:1      | Reached XP level 2. HP: 22/22 MP: 2/2
   614 | D:1      | Reached skill level 1 in Armour
   781 | D:2      | Found a glowing golden altar of the Shining One.
   809 | D:2      | Gained mutation: You have sharp toenails. [demonic
                  | ancestry]
   809 | D:2      | Reached XP level 3. HP: 22/28 MP: 3/3
   884 | D:2      | Found a shattered altar of Ashenzari.
  1147 | D:2      | You fall through a shaft!
  1190 | D:3      | Gained mutation: You are surrounded by a mild repulsion
                  | field. (EV +2) [demonic ancestry]
  1190 | D:3      | Reached XP level 4. HP: 29/34 MP: 4/4
  1497 | D:3      | Found a shimmering altar of Xom.
  1524 | D:3      | Found a sacrificial altar of Ru.
  1770 | D:3      | Reached XP level 5. HP: 39/41 MP: 5/5
  1772 | D:3      | Found a hide-covered altar of Uskayaw.
  1925 | D:4      | Noticed an ogre
  1932 | D:4      | Slain by an ogre

Skill      XL: |  1  2  3  4  5 |
---------------+----------------+-----
Staves         | 3 |  3.5
Dodging        | 3 |  3.5
Armour         | 1 2 |  2.0
Fighting       | 3 |  3.0
Throwing       | |  1.7

Action                   |  1- 3 |  4- 6 || total
-------------------------+-------+-------++-------
Melee: Quarterstaff      |    94 |    51 ||   145
       Kick              |    11 |    21 ||    32
 Stab: Distracted        |       |     1 ||     1
  Eat: Chunk             |       |     3 ||     3
Armor: Leather armour    |    20 |       ||    20
       Fire dragon scale |    19 |    13 ||    32
Dodge: Dodged            |    63 |    46 ||   109
